[Event "*** Titled Tuesday Blitz"]
[Site "Chess.com"]
[Date "2019.11.05"]
[Round "10"]
[White "Vuk2000"]
[Black "DanielNaroditsky"]
[Result "1-0"]
[WhiteElo "2823"]
[BlackElo "2952"]
[TimeControl "180+2"]
[EndTime "15:22:15 PST"]
[Termination "Vuk2000 won by checkmate"]

1. d4 Nf6 2. Bg5 Ne4 3. Bf4 Nc6 4. f3 Nf6 5. e4 d5 6. e5 Nd7 7. Be3 Nb6 8. f4 Bf5 9. Nf3 e6 10. Nc3 Be7 11. Bd3 Nc4 12. Bc1 Bxd3 13. Qxd3 f5 14. exf6 Bxf6 15. O-O O-O 16. b3 Nd6 17. Ba3 Rf7 18.
Bxd6 cxd6 19. Rae1 Qd7 20. f5 exf5 21. Nxd5 Raf8 22.
c3 Bd8 23. Nf4 Re8 24. Qc4 Kh8 25. Rxe8+ Qxe8 26. Re1 Qd7 27. Qe6 Kg8 28. d5 Bb6+ 29. Kh1 Nd8 30. Qe2 h6 31. Ng6 Kh7 32. Nf4 Rf6 33. h4 Nf7 34. Qe7 Ne5 35. Rxe5 Qc8 36.
Re1 Qxc3 37. Rf1 Qb4 38. Ne6 Qg4 39. Nh2 Qg3 40. h5 Be3 41. Nf8+ Kg8 42. Ng6 Kh7 43. Qe8 Rxg6 44. Qxg6+ Qxg6 45. hxg6+ Kxg6 46. Nf3 Kf6 47. Re1 f4 48. g3 Kf5 49. Kg2 g5 50. gxf4 Kxf4 51.
Rf1 Ke4 52. Rh1 g4 53. Nh2 Kf5 54. Rf1+ Kg5 55. Kg3 h5 56. Rf8 Bd4 57. Rg8+ Kf5 58. Kg2 Be5 59. Rf8+ Ke4 60. Rf7 Kxd5 61. Rxb7 Bd4 62.
Rh7 Ke4 63. Rxh5 d5 64. Nxg4 Bg7 65. Nf2+ Kd4 66. Rg5 Bf6 67. Rf5 Be5 68. Kf3 Bc7 69.
Ke2 Kc3 70. Rxd5 Kb2 71. Rd2+ Ka3 72. Rc2 Ba5 73. Nd1 Bb4 74. Ne3 a5 75. Nc4# 1-0

[Event "*** Titled Tuesday Blitz"]
[Site "Chess.com"]
[Date "2019.11.05"]
[Round "10"]
[White "Last7Samurai"]
[Black "Kostya_Nikologorskiy"]
[Result "0-1"]
[WhiteElo "2680"]
[BlackElo "2583"]
[TimeControl "180+2"]
[EndTime "15:22:23 PST"]
[Termination "Kostya_Nikologorskiy won on time"]

1. e4 e6 2. d4 d5 3. Nd2 Nf6 4. e5 Nfd7 5. Bd3 c5 6. c3 Nc6 7.
Ne2 cxd4 8. cxd4 f6 9. exf6 Nxf6 10. Nf3 Bd6 11. O-O O-O 12. Bf4 Bxf4 13. Nxf4 Ne4 14.
Qc1 Ng5 15. Nxg5 Qxg5 16. Ne2 Qf6 17. Qe3 Bd7 18. Bb5 Nb8 19. a4 a6 20. Bxd7 Nxd7 21.
f4 Nb8 22. Nc3 Nc6 23. Rad1 Rf7 24. g3 Qf5 25. Rfe1 Rf6 26. Nb1 Raf8 27. Nd2 Nb4 28. Qc3 a5 29. Nf3 Rh6 30. Rd2 Nc6 31. Ne5 Nxe5 32.
Rxe5 Qg4 33. Rg5 Qh3 34. Qc7 Rg6 35. Qe5 Rc8 36. Qe1 Rxg5 37. fxg5 Rc6 38. Rf2 h6 39. g6 Qg4 40. Qe5 Rc1+ 41. Kg2 Qxg6 42. Re2 Rc6 43. h4 h5 44. Rf2 Kh7 45. Re2 Rc2 46.
Kf2 Rxe2+ 47. Qxe2 Qf5+ 48. Kg1 Kg6 49. Qd2 Qg4 50. Kf2 Qf5+ 51. Kg1 b6 52. Kh2 Kf7 53. Kg1 Qf3 54. Kh2 g6 55. Qc2 Kf6 56. Qc8 Qf2+ 57. Kh3 Qf1+ 58. Kh2 Qe2+ 59. Kh3 Qg4+ 60. Kh2 Kf5 61.
Qh8 Qe2+ 62. Kh3 Qf1+ 63. Kh2 Qe2+ 64. Kg1 Kg4 65. Qf6 Qe1+ 0-1

[Event "*** Titled Tuesday Blitz"]
[Site "Chess.com"]
[Date "2019.11.05"]
[Round "10"]
[White "FearlessKing64"]
[Black "ferdipy"]
[Result "1-0"]
[WhiteElo "2333"]
[BlackElo "2213"]
[TimeControl "180+2"]
[EndTime "15:22:23 PST"]
[Termination "FearlessKing64 won by resignation"]

1. e4 e6 2. d4 d5 3. Nd2 Nf6 4. e5 Nfd7 5. f4 c5 6. c3 Nc6 7. Ndf3 cxd4 8. cxd4 f6 9. Bd3 Qb6 10. Ne2 Be7 11. a3 O-O 12. Qc2 f5 13. O-O a5 14. b3 Kh8 15. Kh1 Qd8 16. Bd2 Qe8 17.
Rg1 Qh5 18. Ng3 Qg4 19. Qd1 Nd8 20.
Qe1 b6 21. Qe2 Nc6 22. Be3 Bb7 23. Nf1 Rac8 24. h3 Qh5 25. Ng3 Qg6 26. Kh2 Na7 27. Rgc1 Rxc1 28. Bxc1 Rc8 29. Bd2 Qe8 30. Ng5 Bf8 31.
Nxf5 exf5 32. Bxf5 g6 33. Be6 Bh6 34. Qg4 Bxg5 35.
Bxd7 Qd8 36. fxg5 Rc2 37. Bf4 Bc8 38. e6 Nc6 39. Bxc6 Rxc6 40. Re1 Qe7 41. Be5+ Kg8 42. Bf6 Qe8 43. Qf3 Bxe6 44. Re5 Qd7 45. Qe3 Kf7 46. h4 Rc2 47. h5 b5 48. hxg6+ hxg6 49. Qf4 Kg8 50. Qh4 Kf8 51. Qh6+ Kg8 52. Qh8+ Kf7 53.
Qg7+ Ke8 54. Qxg6+ Qf7 55. Rxe6+ Kf8 56. Be7+ Ke8 57.
Bf6+ Kf8 58. Bg7+ Kg8 59. Re8+ Qxe8 60. Qxe8+ Kxg7 61. Qe5+ Kg6 62. Qxd5 Re2 63. Qxb5 Re6 64. Qxa5 Rd6 65. Qe5 Rb6 66. b4 Ra6 67. d5 Rxa3 68.
d6 Rd3 69. Qe4+ Kxg5 70. Qxd3 1-0

[Event "*** Titled Tuesday Blitz"]
[Site "Chess.com"]
[Date "2019.11.05"]
[Round "10"]
[White "Storne89"]
[Black "1995Tiger"]
[Result "1/2-1/2"]
[WhiteElo "2684"]
[BlackElo "2182"]
[TimeControl "180+2"]
[EndTime "15:22:25 PST"]
[Termination "Game drawn - insufficient material"]

1. d4 d5 2. Nf3 Nf6 3. c4 e6 4.
g3 dxc4 5. Bg2 c6 6. O-O b5 7. a4 Bb7 8. Ne5 a6 9. axb5 axb5 10. Rxa8 Bxa8 11. Nc3 Nd5 12. e4 Nxc3 13. bxc3 Nd7 14. f4 Be7 15. Nxf7 Kxf7 16. f5 e5 17. g4 Rf8 18. g5 Kg8 19. Qh5 c5 20. d5 Qe8 21.
Qe2 Bd6 22. h4 b4 23. Qxc4 bxc3 24. Qxc3 Qh5 25. Qg3 Bb7 26. Bf3 Qe8 27. Be3 c4 28. Rc1 Ba6 29. Ra1 Bc5 30. Qf2 Bb5 31. Bxc5 Nxc5 32.
Qxc5 Qd7 33. Ra5 Rb8 34. Ra7 Rc8 35. Qa3 Qe8 36. f6 gxf6 37. Bg4 Qf8 38. Be6+ Kh8 39.
Qxf8+ Rxf8 40. d6 fxg5 41. hxg5 Rd8 42. Rc7 Be8 43. d7 Bxd7 44. Rxd7 Rxd7 45. Bxd7 c3 46. Ba4 Kg7 47. Kf2 Kg6 48. Ke3 Kxg5 49. Kd3 Kf4 50. Bd7 h5 51. Bh3 h4 52. Bf1 Kf3 53.
Bh3 Kg3 54. Bf5 h3 55. Bxh3 Kxh3 56. Kxc3 Kg3 57. Kd2 Kf3 58. Ke1 Ke3 59. Kf1 Kd3 60. Ke1 Kd4 61. Kd2 Kxe4 62. Ke2 Kd4 63. Kd2 Kc4 64. Kc2 Kd5 65. Kd3 e4+ 66. Ke3 Ke5 67. Ke2 Kd4 68. Kd2 e3+ 69. Ke2 Kc3 70. Kxe3 1/2-1/2

[Event "*** Titled Tuesday Blitz"]
[Site "Chess.com"]
[Date "2019.11.05"]
[Round "10"]
[White "JonahWillow"]
[Black "RainForestt"]
[Result "1/2-1/2"]
[WhiteElo "2779"]
[BlackElo "2580"]
[TimeControl "180+2"]
[EndTime "15:22:33 PST"]
[Termination "Game drawn by stalemate"]

1. e4 e6 2. d4 d5 3. Nd2 dxe4 4.
Nxe4 Nd7 5. Nf3 Be7 6. Bd3 Ngf6 7. Nxf6+ Nxf6 8. Ne5 c5 9. dxc5 Bxc5 10. O-O O-O 11. Bg5 h6 12. Bh4 Qd4 13. Bxf6 gxf6 14. Nf3 Qxb2 15. Qd2 f5 16. Qxh6 Qg7 17. Qh5 Bd7 18.
Rab1 Bc6 19. Bb5 Bd5 20. Bd3 Bc6 21. h4 Rad8 22. Ng5 a6 23. Rbd1 Rd4 24. Be2 Rfd8 25.
Rxd4 Rxd4 26. c3 Rd2 27. Bf3 Bb5 28. Ra1 Bxf2+ 29. Kh1 Kf8 30. Bxb7 Be3 31. Re1 Bxg5 32. hxg5 Qxc3 33. Qh6+ Qg7 34. Qh4 Rxa2 35. g6 Ra1 36. Qd8+ Be8 37. Qd6+ Kg8 38. gxf7+ Bxf7 39. Qd8+ Kh7 40.
Qh4+ Kg8 41. Rxa1 Qxa1+ 42. Kh2 Qh8 43. Qxh8+ Kxh8 44. Bxa6 Kg7 45. Kg3 Kf6 46. Kf4 e5+ 47. Ke3 Bh5 48. g3 Bg4 49. Bd3 Kg5 50. Bc4 Bh3 51.
Bb5 Bg2 52. Bd3 Bb7 53. Bc4 Kg4 54. Be6 Be4 55. Kf2 Kg5 56. Ke3 Bb1 57. Bc8 f4+ 58. gxf4+ exf4+ 59. Kf2 Kf6 60. Bb7 Ke5 61. Bc8 Ba2 62.
Bh3 Bf7 63. Bf1 Bh5 64. Bg2 Bg4 65. Bf3 Bf5 66. Bg2 Be4 67. Bxe4 Kxe4 68. Ke2 f3+ 69.
Kf2 Kf4 70. Kf1 Kf5 71. Kf2 Ke4 72. Kf1 Ke3 73. Ke1 Kf4 74. Kf2 Kg4 75. Kf1 Kg3 76. Kg1 f2+ 77. Kf1 Kf3 1/2-1/2

[Event "*** Titled Tuesday Blitz"]
[Site "Chess.com"]
[Date "2019.11.05"]
[Round "10"]
[White "coolthing"]
[Black "Siemba"]
[Result "1-0"]
[WhiteElo "2346"]
[BlackElo "2199"]
[TimeControl "180+2"]
[EndTime "15:22:40 PST"]
[Termination "coolthing won by checkmate"]

1. b3 h5 2. Bb2 Nf6 3. Nf3 h4 4. h3 d6 5. e3 e5 6. d4 e4 7. Nfd2 d5 8. c4 c6 9. Nc3 Bb4 10. Rc1 O-O 11. Be2 Be6 12. a3 Bd6 13. cxd5 cxd5 14. Nb5 Nc6 15. Nxd6 Qxd6 16. O-O Nh7 17. Qc2 Ng5 18. Qc5 Qb8 19. Rfd1 Bxh3 20. gxh3 Nxh3+ 21. Kg2 Nxf2 22. Rg1 Qg3+ 23. Kf1 Qxe3 24. Nc4 Qf4 25. Qd6 Nd3+ 26. Qxf4 Nxf4 27. Ne3 f6 28. Nf5 g5 29. Nxh4 Kf7 30. Nf5 Rh8 31. Rc2 Kg6 32. Bg4 Rad8 33.
Bc1 Nd3 34. Be3 Na5 35. Rc7 Rh7 36. Rxh7 Kxh7 37. Rh1+ Kg8 38. Ne7+ Kg7 39. Nf5+ Kg8 40.
Rh6 Rf8 41. Rg6+ Kh8 42. Rh6+ Kg8 43. Bh5 Nxb3 44. Rg6+ Kh8 45. Rg7 Nf4 46. Bxf4 gxf4 47.
Bg6 Nd2+ 48. Ke2 f3+ 49. Kxd2 Rf7 50. Rxf7 f2 51. Rh7+ Kg8 52. Ke2 Kf8 53. Rf7+ Ke8 54. Kxf2 Kd8 55. Ke3 Kc8 56. Ng7 Kb8 57. Ne6 a6 58. Nd8 b5 59. Bf5 Ka8 60. Rc7 b4 61. Bd7 bxa3 62. Rc3 a2 63. Ra3 Kb8 64. Rxa2 Kc7 65. Rxa6 Kxd7 66. Nf7 Ke7 67. Nh6 f5 68. Nxf5+ Kd7 69. Kf4 Kc7 70. Ke5 Kb7 71. Rd6 Kc7 72. Rxd5 Kc8 73. Kxe4 Kb8 74. Rd7 Ka8 75. Kd5 Kb8 76. Kc6 Ka8 77. Kb6 Kb8 78. Rd8# 1-0

[Event "*** Titled Tuesday Blitz"]
[Site "Chess.com"]
[Date "2019.11.05"]
[Round "10"]
[White "GianmarcoVaR"]
[Black "IMRosen"]
[Result "0-1"]
[WhiteElo "2523"]
[BlackElo "2609"]
[TimeControl "180+2"]
[EndTime "15:22:43 PST"]
[Termination "IMRosen won by checkmate"]

1. d4 d5 2. c4 e6 3. Nf3 Nf6 4. g3 dxc4 5. Bg2 Bb4+ 6. Bd2 c5 7. Bxb4 cxb4 8. O-O O-O 9. Nbd2 b5 10. Ne5 Nd5 11.
e4 Nb6 12. d5 exd5 13. exd5 Bb7 14. Nc6 Bxc6 15. dxc6 Qc7 16. Qf3 Rc8 17. Qf5 a6 18.
Ne4 Nxc6 19. Ng5 g6 20. Qf6 Ra7 21. Rfe1 Qd8 22. Qxd8+ Nxd8 23. Re8+ Kg7 24. Rd1 h6 25.
Nh3 Ne6 26. Rxc8 Nxc8 27. f4 Nb6 28. Nf2 f5 29. Rd6 Na4 30. Rxe6 Nxb2 31. g4 c3 32. Rc6 a5 33. h4 Nc4 34. gxf5 gxf5 35. Nd3 Rd7 36. Bf1 c2 37. Nc5 Rd1 38. Nb3 c1=Q 39. Nxc1 Rxc1 40. Kf2 Rc2+ 41. Ke1 Rxa2 42. Rc7+ Kg6 43.
Rc6+ Kh5 44. Rc5 Kxh4 45. Rxb5 Ne3 46. Be2 Kg3 47. Rb6 Ng2+ 48. Kd1 Ra1+ 49. Kc2 Ra2+ 50. Kd1 Nxf4 51. Bc4 Ra1+ 52. Kc2 h5 53. Rb5 h4 54. Rxf5 h3 55. Rg5+ Kh4 56. Rg8 h2 57. Rh8+ Nh5 58. Bd5 h1=Q 59. Bxh1 Rxh1 60. Ra8 Ra1 61. Kb2 Ra3 62. Rh8 Kg4 63. Rg8+ Kf5 64. Rc8 Nf6 65.
Rc5+ Ke4 66. Rc4+ Kd3 67. Rc5 Ne4 68. Rc2 Nc3 69. Rc1 Kc4 70. Re1 Ra2+ 71. Kc1 Kb3 72. Re2 Nxe2+ 73. Kb1 Nc3+ 74. Kc1 Rc2# 0-1

[Event "*** Titled Tuesday Blitz"]
[Site "Chess.com"]
[Date "2019.11.05"]
[Round "10"]
[White "maxip32"]
[Black "Walter_White_Poland"]
[Result "1/2-1/2"]
[WhiteElo "2486"]
[BlackElo "2341"]
[TimeControl "180+2"]
[EndTime "15:22:56 PST"]
[Termination "Game drawn by repetition"]

1. e4 e5 2. Nf3 Nc6 3. Bc4 Nf6 4. d3 d5 5. exd5 Nxd5 6. O-O Nb6 7. Bb3 Bg4 8. h3 Bh5 9. Re1 Qe7 10. Nbd2 O-O-O 11. a4 a5 12. Qe2 f6 13. c3 Kb8 14. Ne4 Qd7 15.
Bc2 Be7 16. Be3 Bxf3 17. Qxf3 Nd5 18. Nc5 Bxc5 19. Bxc5 g5 20. Bb3 h5 21. Rad1 g4 22. hxg4 hxg4 23. Qxd5 Qxd5 24. Bxd5 Rxd5 25. Be3 Rhd8 26.
Kf1 Rxd3 27. Rxd3 Rxd3 28. Ke2 Rd8 29. Rh1 f5 30. Rh5 f4 31. Bd2 f3+ 32. gxf3 gxf3+ 33.
Ke3 e4 34. c4 Rd3+ 35. Kxe4 Rxd2 36. Kxf3 Rxb2 37. Ke3 Rb3+ 38. Kd2 Rf3 39. Ke2 Rf4 40. Ke3 Rxc4 41. f4 Rxa4 42. f5 Ra1 43. Ke2 Ra4 44. Ke3 Ne5 45. Rg5 Rb4 46. f6 Ng4+ 47.
Rxg4 Rxg4 48. f7 Rg3+ 49. Kf2 Rg6 50. f8=Q+ Ka7 51. Qc5+ Rb6 52. Qxa5+ Kb8 53. Ke3 Rc6 54. Qd5 Rd6 55. Qg8+ Ka7 56. Qc8 Kb6 57. Ke4 Rc6 58. Kd5 Ka7 59. Qf8 Rd6+ 60. Ke5 Rc6 61. Qa3+ Kb8 62.
Qb4 Rb6 63. Qf8+ Ka7 64. Qc5 Kb8 65. Qf8+ Ka7 66. Qe7 Kb8 67. Qd8+ Ka7 68. Qxc7 Rc6 69. Qa5+ Kb8 70. Kd5 Kc8 71. Qa8+ Kc7 72. Kd4 Kb6 73.
Qb8 Ka6 74. Kd5 Kb6 75. Qa8 Kc7 76. Qa5+ Kb8 77. Qa3 Kc7 78. Qb4 Kb8 79. Qa5 Kc8 80. Qa8+ Kc7 1/2-1/2

[Event "*** Titled Tuesday Blitz"]
[Site "Chess.com"]
[Date "2019.11.05"]
[Round "10"]
[White "Bigfish1995"]
[Black "ChessWarrior7197"]
[Result "1/2-1/2"]
[WhiteElo "3023"]
[BlackElo "2968"]
[TimeControl "180+2"]
[EndTime "15:23:22 PST"]
[Termination "Game drawn by agreement"]

1. d4 Nf6 2. c4 e6 3. Nf3 d5 4. Nc3 Be7 5. Bf4 O-O 6. e3 Nbd7 7. a3 c5 8. Rc1 dxc4 9. Bxc4 a6 10. dxc5 Nxc5 11.
b4 Qxd1+ 12. Rxd1 Nce4 13. Nxe4 Nxe4 14. Rd4 Nc3 15. Bd6 Bxd6 16. Rxd6 a5 17. b5 Ne4 18.
Rd4 Nc5 19. Ne5 f6 20. Nd3 Nxd3+ 21. Rxd3 Kf7 22. Ke2 Ke7 23. Rhd1 b6 24. Rd6 Rb8 25. Rc6 Rb7 26. Rdd6 Bd7 27. Rxb6 Rfb8 28. Ra6 Rxb5 29. Bxe6 Rb2+ 30. Kf3 Bb5 31. Bd5 Bxa6 32. Rxa6 Rd2 33. Rxa5 Rbb2 34. Kg3 Rxf2 35. Ra7+ Kd6 36. Bf3 g6 37. Rxh7 g5 38. Kg4 Ke6 39. Ra7 Rxg2+ 40. Bxg2 Rxg2+ 41. Kh3 Re2 42. Kg3 Rxe3+ 43. Kg4 Re2 44.
Kg3 f5 45. h3 Re3+ 46. Kg2 f4 47. Ra5 Kf6 48. a4 Ra3 49. Ra8 Ra2+ 50. Kf3 Rh2 51.
Rh8 Kg7 52. Rh5 Kg6 53. Rh8 Ra2 54. Rg8+ Kf6 55. Rf8+ Kg7 56. Rf5 Ra3+ 57. Kg4 Rg3+ 58. Kh5 f3 59. a5 Rxh3+ 60. Kxg5 f2 61. Rxf2 Ra3 62. Rf5 Ra4 63. Kh5 Ra3 64. Kg5 Ra4 65. Re5 Kf7 66. Kf5 Rb4 67. Rc5 Ke7 68. a6 Ra4 69. Rc6 Kd7 70. Rh6 Kc7 71. Ke5 Kb8 72. Kd5 Ka7 73. Rh8 Rxa6 74. Kc5 Ra1 75. Rh7+ 1/2-1/2

[Event "*** Titled Tuesday Blitz"]
[Site "Chess.com"]
[Date "2019.11.05"]
[Round "10"]
[White "pedroholly22"]
[Black "Kimster98"]
[Result "1/2-1/2"]
[WhiteElo "2414"]
[BlackElo "2542"]
[TimeControl "180+2"]
[EndTime "15:24:09 PST"]
[Termination "Game drawn by 50-move rule"]

1. e4 e5 2. Nf3 Nf6 3. d4 Nxe4 4. Nxe5 d6 5. Nf3 d5 6. Bd3 Bd6 7. O-O O-O 8. c4 c6 9. Nc3 Nxc3 10. bxc3 dxc4 11.
Bxc4 Bf5 12. Bd3 Bxd3 13. Qxd3 Nd7 14. Rb1 b5 15. c4 bxc4 16. Qxc4 Qc7 17. h3 c5 18. dxc5 Qxc5 19. Qxc5 Bxc5 20. Bb2 Rab8 21. Rfd1 Nb6 22. Be5 Rbc8 23. Rb5 f6 24. Bf4 Be7 25. a4 Nxa4 26. Rd7 Rf7 27. Rxa7 Nc5 28. Rxe7 Rxe7 29.
Bd6 Rb7 30. Rxc5 Rxc5 31. Bxc5 Rb1+ 32. Kh2 Kf7 33. Be3 h5 34. h4 Rb4 35. Kg3 Rg4+ 36. Kh3 Rb4 37. Nd2 Ra4 38. g3 Rb4 39. Nf3 Ra4 40.
Nd4 Rb4 41. Ne2 Ra4 42. Nf4 g6 43. Nd3 Ra3 44. Nc5 Rc3 45. Kg2 Rc4 46. Kf3 g5 47. hxg5 fxg5 48. Ne4 g4+ 49. Kf4 Kg6 50. Ke5 Rc7 51.
Ke6 Rc6+ 52. Nd6 Ra6 53. Kd5 Ra5+ 54. Ke6 Ra6 55. Ke7 Ra3 56. Nc4 Rc3 57. Nd6 h4 58.
gxh4 g3 59. fxg3 Rxe3+ 60. Kd7 Rxg3 61. Ke6 Re3+ 62. Kd5 Kh5 63. Nf5 Rf3 64. Ke5 Rf2 65. Ke4 Kg4 66. Ne3+ Kxh4 67. Nf5+ Kg5 68. Ne3 Rf4+ 69.
Ke5 Ra4 70. Kd5 Kf4 71. Ng2+ Kf3 72. Ne1+ Ke2 73. Nc2 Kd3 74. Ne1+ Kd2 75. Nf3+ Ke3 76. Ne5 Ra5+ 77. Kd6 Ke4 78. Nc6 Rh5 79. Nb4 Kd4 80.
Nc6+ Kc4 81. Ne5+ Kb5 82. Kd5 Rh1 83. Nf3 Rd1+ 84. Ke4 Kc4 85. Ne5+ Kc3 86. Nf3 Rd8 87. Ne5 Rd4+ 88. Ke3 Ra4 89. Nf3 Kc4 90. Nd2+ Kd5 91.
Nf3 Re4+ 92. Kd3 Re7 93. Nd2 Rh7 94. Nf3 Ra7 95. Ke3 Ra3+ 96. Kf4 Rd3 97. Ne1 Rc3 98. Nf3 Ke6 99. Ng5+ Kd5 100. Nf3 Rc8 101. Ke3 Rf8 102. Ng5 Ke5 103. Nf3+ Kf5 104. Nd4+ Kg4 105. Ke4 Re8+ 106. Kd3 Kf4 107. Ne2+ Ke5 108. Ke3 Ra8 109. Kd3 Ra7 110. Nc3 Ra5 111. Ne2 Ra4 112. Nc3 Rd4+ 113. Ke3 Rh4 114. Ne2 Rh3+ 115. Kf2 Ke4 116. Ng3+ Kf4 1/2-1/2

[Event "*** Titled Tuesday Blitz"]
[Site "Chess.com"]
[Date "2019.11.05"]
[Round "10"]
[White "kuli4ik"]
[Black "Guenplen"]
[Result "0-1"]
[WhiteElo "2828"]
[BlackElo "2985"]
[TimeControl "180+2"]
[EndTime "15:24:20 PST"]
[Termination "Guenplen won by resignation"]

1. d4 d5 2. Nf3 Nf6 3. Bf4 e6 4.
e3 Bd6 5. Bg3 O-O 6. Bd3 b6 7.
O-O Ba6 8. Bxa6 Nxa6 9. Bh4 Nb8 10. c4 Be7 11. Bxf6 Bxf6 12. cxd5 Qxd5 13. Qc2 Rc8 14. Nc3 Qb7 15. Rad1 Nd7 16. Rd2 c5 17. Qe4 Qxe4 18. Nxe4 cxd4 19. Nxd4 Bxd4 20. Rxd4 Nf6 21. Nc3 Kf8 22.
Rfd1 Ke7 23. Kf1 a6 24. e4 Rc5 25. f3 b5 26. a4 bxa4 27. Rxa4 Nd7 28. Rb4 Ra7 29.
Ke2 g5 30. Rd2 Ne5 31. Rb8 Rcc7 32. g3 Rab7 33. Rxb7 Rxb7 34. Rc2 Rb3 35. f4 gxf4 36. gxf4 Nc4 37. Nd1 Nd6 38. Nc3 Nc4 39. Nd1 Nd6 40. Nc3 Nb5 41. Kd3 Rb4 42. h4 h5 43. Rg2 Rd4+ 44.
Ke3 Rb4 45. Kd3 Rd4+ 46. Ke3 Rc4 47. Kd3 Rb4 48. Ke3 Kf8 49. Kd3 f6 50. Ke3 Kf7 51.
Kd3 Rd4+ 52. Ke3 Rc4 53. Kd3 Rb4 54. Ke3 a5 55. Kd3 a4 56. Re2 Rd4+ 57. Ke3 Rb4 58. Kd3 f5 59. exf5 exf5 60. Re5 Nxc3 61. Rxf5+ Kg6 62.
Rg5+ Kh6 63. bxc3 Rxf4 64. Ra5 Rxh4 65. Ra6+ Kg5 66. Ra5+ Kf6 67. Ra6+ Ke5 68. Ra5+ Kd6 69. c4 a3 70. Kc2 Rh3 71. Rd5+ Kc6 72. Kb1 Rh2 73. Ka1 h4 74. Rh5 Kb6 75. Rb5+ Kc6 76. Ra5 Rc2 77. Rxa3 Rxc4 78. Rd3 Kc5 79. Rd8 Rd4 80.
Rh8 Kc4 81. Kb2 Kd3 82. Kc1 Ke2 83. Kc2 Rc4+ 84. Kb3 Rg4 85. Kc3 Kf2 86. Kd3 Kg2 87.
Ke3 h3 88. Ra8 h2 89. Ra2+ Kh3 90. Ra1 Rg1 91. Ra8 h1=Q 92. Rh8+ Kg2 93. Rg8+ Kf1 94. Rf8+ Ke1 0-1

[Event "*** Titled Tuesday Blitz"]
[Site "Chess.com"]
[Date "2019.11.05"]
[Round "10"]
[White "DinaBelenkaya"]
[Black "Nazar-Nazar"]
[Result "1/2-1/2"]
[WhiteElo "2344"]
[BlackElo "2492"]
[TimeControl "180+2"]
[EndTime "15:24:44 PST"]
[Termination "Game drawn - insufficient material"]

1. e4 e5 2. Nf3 Nc6 3. Nc3 Nf6 4.
d4 exd4 5. Nxd4 Bb4 6. Nxc6 bxc6 7. Bd3 O-O 8. O-O d5 9. Bd2 Bd6 10. exd5 cxd5 11. Nb5 Bc5 12. c3 c6 13. Nd4 Qb6 14. Nb3 Bd6 15. Bg5 Ng4 16. h3 Ne5 17. Bc2 Ba6 18. Re1 Rfe8 19. Be3 Qc7 20. Nc5 Bc8 21. Qh5 g6 22. Qh6 Bf8 23. Qh4 Bg7 24. Bh6 Bd7 25. Bxg7 Kxg7 26. Qd4 f6 27. b4 Nf7 28. a4 a5 29. bxa5 Ne5 30. a6 Kg8 31.
f4 Nf7 32. Qxf6 Qb6 33. Qd4 Qa7 34. Bd3 Nd6 35. Qf6 Ne4 36. Bxe4 Qxc5+ 37. Kh2 dxe4 38. Rad1 Qe7 39. Qd4 Rxa6 40. Qxd7 Qxd7 41. Rxd7 Rxa4 42. Rc7 Rc4 43. Re3 Rd8 44. Kg1 Rd3 45. Kf2 Rcxc3 46. Rxe4 Rd2+ 47. Re2 Rxe2+ 48. Kxe2 Rc2+ 49. Kf3 Rc3+ 50. Kg4 Rc5 51. Kh4 Kh8 52. g4 Kg8 53. g5 Rc4 54.
Kg4 Kh8 55. h4 Kg8 56. h5 gxh5+ 57. Kf3 h4 58. f5 h3 59. Kg3 Rc3+ 60. Kh2 Rc5 61.
f6 Rxg5 62. Rxc6 Rh5 63. Rc7 Rh6 64. Rg7+ Kf8 65. Rg3 Rxf6 66. Kxh3 Rh6+ 67. Kg2 Rg6 68. Kh3 Kf7 69. Rf3+ Kg7 70. Kh4 Rh6+ 71. Kg5 Rg6+ 72. Kh5 Rg1 73. Rb3 Rh1+ 74. Kg5 h6+ 75. Kg4 Rg1+ 76.
Kh5 Rh1+ 77. Kg4 Kf6 78. Rb6+ Ke5 79. Ra6 Ke4 80. Re6+ Kd3 81. Re7 Kd2 82. Re6 Kd3 83. Re7 Kd4 84. Re8 Kd5 85. Re2 Kd6 86. Re3 Rh2 87. Rh3 h5+ 88. Kh4 Rxh3+ 89. Kxh3 Ke5 90. Kh4 Kf6 91. Kxh5 1/2-1/2